 Dungeon Crawl Stone Soup version 0.14-a0-3367-g7c2a7eb (webtiles) character file.

97 MrRokkomies the Ruinous (level 3, 0/24 HPs)
             Began as a Demonspawn Conjurer on Mar 19, 2014.
             Slain by an adder (1 damage)
             ... on Level 2 of the Dungeon.
             The game lasted 00:05:55 (1619 turns).

MrRokkomies the Ruinous (Demonspawn Conjurer)       Turns: 1619, Time: 00:05:56

HP   0/24        AC  2     Str  8      XL: 3   Next: 23%
MP   6/6         EV 12     Int 17      God:
Gold 60          SH  0     Dex 13      Spells:  1 memorised,  5 levels left

rFire  . . .     SeeInvis .     s - +0,+2 hand axe (chop)
rCold  + . .     Clarity  .     a - +0 robe
rNeg   . . .     Conserve .     (no shield)
rPois  .         rCorr    .     (no helmet)
rElec  .         rRot     .     (no cloak)
SustAb . .       Spirit   .     (no gloves)
rMut   .         Warding  .     (no boots)
Saprov . . .     Stasis   .     (no amulet)
MR     .....                    (no ring)
                                (no ring)

@: lethally poisoned, not resistant to hostile enchantments, unstealthy
A: hooves 1, cold resistance 1
a: no special abilities


You were on level 2 of the Dungeon.
You were not hungry.

You visited 1 branch of the dungeon, and saw 2 of its levels.

You collected 60 gold pieces.

Inventory:

Hand weapons
 s - a +0,+2 hand axe of chopping (weapon)
Missiles
 i - 31 sling bullets
Armour
 a - a +0 robe (worn)
Comestibles
 b - 2 bread rations
 l - a meat ration
Scrolls
 d - a scroll of remove curse {unknown}
 e - a scroll of enchant armour {unknown}
 f - 2 scrolls of magic mapping {unknown}
 g - 3 scrolls of noise {unknown}
 h - 3 scrolls of identify {unknown}
 j - a scroll of recharging {unknown}
 o - 2 scrolls of amnesia {unknown}
 r - a scroll of enchant weapon I {unknown}
Potions
 k - a potion of mutation {unknown}
 m - a potion of curing {unknown}
 n - a potion of agility {unknown}
 p - a potion of resistance {unknown}
 q - a potion of magic {unknown}
Books
 c - a book of Conjurations

   Spells                             Type                      Level
   *Magic Dart                        Conjuration                  1
   Searing Ray                        Conjuration                  2
   Dazzling Spray                     Conjuration/Hexes            3
   Fulminant Prism                    Conjuration/Hexes            4
   Iskenderun's Mystic Blast          Conjuration                  4
   Iskenderun's Battlesphere          Conjuration/Charms           5


   Skills:
 * Level 2.3 Dodging
 - Level 1.7 Stealth
 - Level 2.0 Spellcasting
 + Level 4.8 Conjurations


You had 5 spell levels left.
You knew the following spells:

 Your Spells              Type           Power        Failure   Level  Hunger
a - Magic Dart            Conj           ###.         2%          1    #......


Dungeon Overview and Level Annotations

Branches:
Dungeon (2/15)

Altars:


Innate Abilities, Weirdness & Mutations

You have large cloven feet.
Your flesh is cold resistant.


Message History

You feel sick. The adder bites you.
You barely miss the adder.
The adder is moderately wounded.
You feel sick. The adder closely misses you. The adder barely misses you.
You closely miss the adder.
The adder is lightly wounded.
You feel sick. The adder bites you. The adder closely misses you.
You miss the adder. Your kick misses the adder.
The adder is lightly wounded.
You feel sick. The adder bites you.
* * * LOW HITPOINT WARNING * * *
You are more poisoned.
The adder poisons you!
You closely miss the adder.
The adder is lightly wounded.
* * * LOW HITPOINT WARNING * * *
You feel sick. The adder bites you.
* * * LOW HITPOINT WARNING * * *
The adder bites you.
You die...

. #.#.# #.#####.#.#
#.......... #.#####.#..
#######.# #.###
##.......## #.#
.######...###...####.#
#......S..........%...#
#######@..#.#...#.####
##.##.##.##.#
#...#.##.##..
...#.#.##.########.
.... .#.##..........
..# ##.############ #.
#.# #.# #.#


You could see an adder.

Vanquished Creatures
  A worm (D:1)
  A giant cockroach (D:2)
  5 hobgoblins (D:1)
  2 jackals (D:1)
  6 kobolds
  4 bats (D:1)
  A giant newt (D:1)
  5 goblins
  6 rats
31 creatures vanquished.

Notes
Turn   | Place    | Note
--------------------------------------------------------------
     0 | D:1      | MrRokkomies, the Demonspawn Conjurer, began the quest for the Orb.
     0 | D:1      | Reached XP level 1. HP: 13/13 MP: 3/3
   601 | D:1      | Gained mutation: You have large cloven feet. [demonic ancestry]
   601 | D:1      | Reached XP level 2. HP: 19/19 MP: 0/4
  1100 | D:1      | Gained mutation: Your flesh is cold resistant. [demonic ancestry]
  1100 | D:1      | Reached XP level 3. HP: 20/24 MP: 6/6
  1619 | D:2      | HP: 1/24 [adder (3)]
  1619 | D:2      | Slain by an adder

Action                   || total
-------------------------++-------
Melee: Unarmed           ||    39
       Whip              ||     8
       Hand axe          ||    16
 Cast: Magic Dart        ||    42
